Match 47272014
Unlisted

Match 47272014
End
Royal Engineer Section
Vickers Machine Gun Team
Selects Canadian Shock Battlegroup
Royal Engineer Section
Royal Engineer Section
Construct Section Command Post
Selects Incendiary Munitions
Construct Field Infirmary
Construct Platoon Command Post
Selects Pyrotechnics
Construct Company Command Post
Foot Guards Section
Crusader II Medium Tank
Forward Retreat Point
CMP 15cwt Truck
Crusader II Medium Tank
Foot Guards Section
Unlock M3 Grant Medium Tanks
M3 Grant Medium Tank
Armored Vehicle Training
Selects Attacking Spirit
Selects Canadian Shock Section
Selects Smoke Operation
Selects Demolition Engineering
Royal Engineer Section
Foot Guards Section
Smoke Operation
M3 Grant Medium Tank
M3 Grant Medium Tank
Smoke Operation
Royal Engineer Section
Royal Engineer Section
Royal Engineer Section
Infantry Training
Royal Engineer Section
Foot Guards Section
M3 Grant Medium Tank
M3 Grant Medium Tank
Shingles
Kraiter
snakebitenik
Gubby
adamdacosta85
MAVERICK
0
0

Comments sign in to comment!

No comments posted yet!